 Dungeon Crawl Stone Soup version 0.28-a0-1117-g0bdd5ba030 (webtiles) character file.

Game seed: 16445336557745582099

763 ders the Digger (level 7, -3/36 HPs)
             Began as a Gargoyle Earth Elementalist on Dec 11, 2021.
             Was an Initiate of Vehumet.
             Slain by a scorpion (6 damage)
             ... on level 4 of the Dungeon.
             The game lasted 00:10:05 (6363 turns).

ders the Digger (Gargoyle Earth Elementalist)       Turns: 6363, Time: 00:10:05

Health: -3/36      AC: 11    Str: 12    XL:     7   Next: 81%
Magic:  1/14       EV: 11    Int: 17    God:    Vehumet [......]
Gold:   224        SH:  0    Dex: 10    Spells: 11/15 levels left

rFire   + . .      SeeInvis +   d - staff of earth
rCold   . . .      Faith    .   (no shield)
rNeg    + . .      Spirit   .   e - +0 steam dragon scales
rPois   ∞          Reflect  .   (helmet restricted)
rElec   +          Harm     .   n - +0 cloak
rCorr   .          Rampage  .   (no gloves)
Will    .....      Rage     1%  (no boots)
Stlth   ++........              (no amulet)
HPRegen 0.12/turn               o - ring of protection from fire
MPRegen 0.14/turn               r - ring of see invisible

@: no status effects
A: sickness immunity, AC +4, negative energy resistance 1, electricity
resistance, torment resistance 1, petrification resistance, horns 1, berserk 1,
shaggy fur 1
a: Renounce Religion


You were on level 4 of the Dungeon.
You worshipped Vehumet.
Vehumet was noncommittal.
You visited 2 branches of the dungeon, and saw 6 of its levels.

You collected 224 gold pieces.

Inventory:

Hand Weapons
 g - a +0 whip
Missiles
 l - 131 stones
Armour
 b - a +0 robe
 c - a +0 buckler
 e - +0 steam dragon scales (worn)
 i - the +0 helmet "Yffamoa" {-Tele rElec rF++ MP+9}
   (You found it on level 4 of the Dungeon)

   rF:        It greatly protects you from fire.
   rElec:     It insulates you from electricity.
   MP:        It affects your magic capacity (+9).
   -Tele:     It prevents most forms of teleportation.
 n - a +0 cloak (worn)
 q - a +2 robe of fire resistance
Magical Staves
 d - a staff of earth (weapon)
Jewellery
 j - an amulet of guardian spirit
 o - a ring of protection from fire (left hand)
 r - a ring of see invisible (right hand)
Scrolls
 a - 7 scrolls of identify
 m - a scroll of blinking {unknown}
 p - a scroll of fear {unknown}
 s - a scroll of torment {unknown}
Potions
 f - a potion of curing {unknown}
 h - a potion of haste {unknown}
 k - a potion of flight {unknown}


   Skills:
 - Level 1.5 Dodging
 - Level 2.1 Stealth
 + Level 4.8 Spellcasting
 + Level 5.1 Conjurations
 - Level 0.7 Transmutations
 + Level 6.8 Earth Magic


You had 11 spell levels left.
You knew the following spells:

 Your Spells              Type           Power      Damage    Failure   Level
a - Sandblast             Erth           80%        2d17      1%          1
b - Stone Arrow           Conj/Erth      72%        3d11      3%          3

Your spell library contained the following spells:

 Spells                   Type           Power      Damage    Failure   Level
 Passwall                 Tmut/Erth      20%        N/A       4%          2
 Petrify                  Tmut/Erth      25%        N/A       30%         4
 Tukima's Dance           Hex            4%         N/A       41%         3
 Passage of Golubria      Tloc           4%         N/A       82%         4
 Yara's Violent Unravell  Hex/Tmut       2%         3d3       98%         5


Dungeon Overview and Level Annotations

Branches:
Dungeon (5/15)             Temple (1/1) D:4

Altars:
Ashenzari
Cheibriados
Dithmenos
Elyvilon
Fedhas
Gozag
Hepliaklqana
Nemelex Xobeh
Okawaru
Ru
Sif Muna
Uskayaw
Vehumet
Wu Jian
Yredelemnul
Zin


Innate Abilities, Weirdness & Mutations

You are immune to sickness and miasma.
Your stone body is resilient. (AC +4)
You are immune to poison.
You resist negative energy. (rN+)
You are resistant to electric shocks. (rElec)
You are resistant to unholy torment.
You are immune to petrification.
You have a pair of small horns on your head.
You tend to lose your temper in combat.
You are covered in fur. (AC +1)


Message History

You closely miss the scorpion.
The scorpion is almost dead.
The gnoll barely misses you. The scorpion completely misses you.
You hit the scorpion but do no damage.
The scorpion is almost dead.
The scorpion stings you.
The gnoll hits you from afar with a +0 halberd.
* * * LOW HITPOINT WARNING * * *
The scorpion stings you but does no damage.
Casting: Sandblast (safe; 1% risk of failure)
Confirm with . or Enter, or press ? or * to list all spells.
Aiming: Sandblast (safe; 1% risk of failure)
Press: ? - help, Shift-Dir - straight line, f - scorpion
Aim: a scorpion (almost dead, 83% to hit)
You feel a surge of power!
The blast of sand hits the scorpion but does no damage.
The scorpion is almost dead.
The scorpion closely misses you.
Unknown command.
The scorpion stings you but does no damage.
There is a stone staircase leading up here.
The gnoll shouts!
The gnoll hits you from afar with a +0 halberd!
* * * LOW HITPOINT WARNING * * *
The scorpion misses you.
You climb upwards.
There is a stone staircase leading down here.
You see here a +1 hand axe of electrocution.
Casting: Sandblast (safe; 1% risk of failure)
Confirm with . or Enter, or press ? or * to list all spells.
Aiming: Sandblast (safe; 1% risk of failure)
Press: ? - help, Shift-Dir - straight line, f - scorpion
Aim: a scorpion (almost dead, 83% to hit)
You feel a surge of power!
The blast of sand hits the scorpion but does no damage.
The scorpion is almost dead.
The scorpion barely misses you. The scorpion closely misses you.
Unknown command.
The scorpion stings you.
You die...

##.# ##'## #..#..# #.# .#.#
#.# #.#...# #.# .#.# #.#
#....## #.# .#.# ##.##
#.#.## #.# .#.#
##...########.#.#####.#
...###..[)).....##.........#
.........>#####.####.#######
########(## ##s####.# #.#
#..@....# #.# ##.###### #.#
### #.# #.# #.# #.# #.#
#.#########


You could see a scorpion.

Vanquished Creatures
  Sigmund (D:4)
  A steam dragon (D:3)
  Edmund (D:4)
  A scorpion (D:5)
  2 orc priests
  A centaur skeleton (D:4)
  An iguana (D:4)
  3 hound skeletons
  2 gnolls
  5 adders
  A worm (D:3)
  3 dart slugs
  13 orcs
  5 ball pythons
  7 bats
  8 endoplasms
  3 giant cockroaches
  7 goblins
  8 hobgoblins
  6 quokkas
  4 frilled lizards
  9 kobolds
  5 rats
97 creatures vanquished.

Vanquished Creatures (others)
  4 plants (D:2)
4 creatures vanquished.

Grand Total: 101 creatures vanquished

Notes
Turn   | Place    | Note
-------+----------+-------------------------------------------
     0 | D:1      | ders the Gargoyle Earth Elementalist began the quest for
                  | the Orb.
     0 | D:1      | Reached XP level 1. HP: 10/10 MP: 3/3
   121 | D:1      | Found a faded altar of an unknown god.
   175 | D:1      | Reached XP level 2. HP: 15/15 MP: 1/5
   294 | D:1      | Reached skill level 1 in Conjurations
   412 | D:1      | Reached skill level 4 in Earth Magic
   560 | D:1      | Reached XP level 3. HP: 19/19 MP: 2/6
  1326 | D:1      | Learned a level 3 spell: Stone Arrow
  3000 | D:3      | Found a snail-covered altar of Cheibriados.
  3105 | D:3      | Reached XP level 4. HP: 24/24 MP: 4/8
  3641 | D:3      | HP: 1/24 [orc (4)]
  3688 | D:3      | Gained mutation: You have a pair of small horns on your
                  | head. [potion of mutation]
  3688 | D:3      | Gained mutation: You tend to lose your temper in combat.
                  | [potion of mutation]
  3688 | D:3      | Gained mutation: You are covered in fur. (AC +1) [potion of
                  | mutation]
  3699 | D:3      | Reached XP level 5. HP: 26/28 MP: 5/9
  3939 | D:3      | Noticed a steam dragon
  3942 | D:3      | Killed a steam dragon
  3943 | D:3      | Reached skill level 5 in Earth Magic
  3943 | D:3      | Reached XP level 6. HP: 22/32 MP: 0/11
  4445 | D:4      | Identified the +0 helmet "Yffamoa" {-Tele rElec rF++ MP+9}
  4490 | D:4      | Noticed Sigmund
  5189 | D:4      | Noticed Edmund
  5193 | D:4      | Killed Edmund
  5194 | D:4      | Reached skill level 6 in Earth Magic
  5194 | D:4      | Reached XP level 7. HP: 36/36 MP: 3/13
  5435 | D:4      | Killed Sigmund
  5565 | D:4      | Found a staircase to the Ecumenical Temple.
  5575 | Temple   | Entered the Ecumenical Temple
  5791 | Temple   | Became a worshipper of Vehumet
  5998 | D:5      | Entered Level 5 of the Dungeon
  6203 | D:5      | Reached skill level 5 in Conjurations
  6363 | D:4      | Slain by a scorpion

Illustrated notes

Levels and vault maps discovered:
D:1:      eino_arrival_cavern_d, layout_basic,
          chequers_ecumenical_altar_simple_redux, minmay_tetromino_t4
D:2:      layout_loops_corners, serial_co_window_serial, co_window_paths_a,
          co_window_corner_a, co_window_paths_a, co_window_paths_a,
          co_window_paths_a, co_window_corner_a, co_window_paths_b,
          co_window_2corner, co_window_broadway_b, co_window_of_opportunity_c,
          co_window_2corner, co_window_2corner, glass_columns_c,
          glass_columns_b, glass_columns_a, serial_bayou_lake_a
D:3:      layout_loops_ring, mainiacjoe_overflow_chevrons
D:4:      layout_loops_corners, minmay_temple_entry_fiery, uniq_sigmund,
          uniq_edmund
D:5:      wander_river, layout_loops_ring, gammafunk_ghost_gnarly_gnolls,
          columned_hall_lemuel, nicolae_shop_self_help, uniq_pikel
Temple:   regret_index_temple_generic_petals

Skill      XL: |  1  2  3  4  5  6  7 |
---------------+----------------------+-----
Conjurations   | 1 2 3 4 5 |  5.1
Earth Magic    | 4 5 6 |  6.8
Spellcasting   | 3 4 |  4.8
Dodging        | |  1.5
Stealth        | |  2.1
Transmutations | |  0.7

Action                   |  1- 3 |  4- 6 |  7- 9 || total
-------------------------+-------+-------+-------++-------
Melee: Unarmed           |    46 |       |       ||    46
       Whip              |    12 |     1 |       ||    13
       Staff             |       |       |     8 ||     8
 Cast: Sandblast         |    34 |    13 |    10 ||    57
       Stone Arrow       |    15 |    37 |    16 ||    68
  Use: Potion            |       |     3 |       ||     3
       Scroll            |       |     3 |       ||     3
 Stab: Sleeping          |     1 |       |       ||     1
Armor: Robe              |    31 |     3 |       ||    34
       Steam dragon scal |       |     4 |    21 ||    25
Dodge: Dodged            |    43 |    12 |    25 ||    80

Table legend: (Time is in decaauts)
 A = Elapsed time spent in this place.
 B = Non-inter-level travel time spent in this place.
 C = Inter-level travel time spent in this place.
 D = Time resting spent in this place.
 E = Time spent auto-exploring this place.
 F = Levels seen in this place.
 G = Mean time per level.
                   A        B        C        D        E       F      G
               +--------+--------+--------+--------+--------+-----+--------+
         Total |   6428 |   6220 |    208 |    538 |   5000 |   6 | 1071.3 |
       Dungeon |   6175 |   6002 |    173 |    538 |   4794 |   5 | 1235.0 |
        Temple |    252 |    217 |     35 |      0 |    206 |   1 |  252.0 |
               +--------+--------+--------+--------+--------+-----+--------+

Top non-repeatable levels by time:
     D:2: 1669 daAuts
     D:4: 1587 daAuts
     D:1: 1352 daAuts
     D:3: 1323 daAuts
  Temple: 252 daAuts
     D:5: 241 daAuts
